Workbook
Name _act512: #REF!
Name _act512: #REF!
Name _act512: #REF!
Name _act512: #REF!
Name _act512: #REF!
Name _act512: #REF!
Name _act512: #REF!
Name _act512: #REF!
Name _act512: #REF!
Name _act512: #REF!
Name _act512: #REF!
Name _act512: #REF!
Name _act512: #REF!
Name _act512: #REF!
Name _act512: #REF!
Name _act512: #REF!
Name _act512: #REF!
Name _act514: #REF!
Name _act514: #REF!
Name _act514: #REF!
Name _act514: #REF!
Name _act514: #REF!
Name _act514: #REF!
Name _act514: #REF!
Name _act514: #REF!
Name _act514: #REF!
Name _act514: #REF!
Name _act514: #REF!
Name _act514: #REF!
Name _act514: #REF!
Name _act514: #REF!
Name _act514: #REF!
Name _act514: #REF!
Name _act514: #REF!
Name _act516: #REF!
Name _act516: #REF!
Name _act516: #REF!
Name _act516: #REF!
Name _act516: #REF!
Name _act516: #REF!
Name _act516: #REF!
Name _act516: #REF!
Name _act516: #REF!
Name _act516: #REF!
Name _act516: #REF!
Name _act516: #REF!
Name _act516: #REF!
Name _act516: #REF!
Name _act516: #REF!
Name _act516: #REF!
Name _act516: #REF!
Name _act518: #REF!
Name _act518: #REF!
Name _act518: #REF!
Name _act518: #REF!
Name _act518: #REF!
Name _act518: #REF!
Name _act518: #REF!
Name _act518: #REF!
Name _act518: #REF!

Sheet Contents
A1: WELSH LOCAL GOVERNMENT REVENUE SETTLEMENT 2024-2025 | B1: WELSH LOCAL GOVERNMENT REVENUE SETTLEMENT 2021-2022 | C1: WELSH LOCAL GOVERNMENT REVENUE SETTLEMENT 2021-2022 | D1: WELSH LOCAL GOVERNMENT REVENUE SETTLEMENT 2021-2022 | E1: WELSH LOCAL GOVERNMENT REVENUE SETTLEMENT 2021-2022 | F1: WELSH LOCAL GOVERNMENT REVENUE SETTLEMENT 2021-2022 | G1: WELSH LOCAL GOVERNMENT REVENUE SETTLEMENT 2021-2022 | H1: WELSH LOCAL GOVERNMENT REVENUE SETTLEMENT 2021-2022 | I1: WELSH LOCAL GOVERNMENT REVENUE SETTLEMENT 2021-2022
A2: For Information
A3: Source | B3: Welsh Government
A4: Notes
A5: The following tables provide the indicator values
A6: Date published: March 2024
A7: Data also available on: | D7: StatsWales
F8: Contents
A10: Indicator Values | E10: Indicator Percentages | I10: Debt Financing Indicators
A11: Population | E11: Population | J11: Notional Debt
A12: Education | E12: Education
A13: Census | E13: Census
A14: Dispersion | E14: Dispersion
A15: Settlement Thresholds | E15: Settlement Thresholds
A16: Deprivation | E16: Deprivation
A17: Other Indicators | E17: Other Indicators
A19: Contact:
A20: LGFPSettlement@gov.wales

Sheet 1
A1: Local Government Settlement 2024-25
A2: Back to contents
A3: Population
A4: Unitary Authority | B4: Population, all ages | C4: Population aged 3 to 11 | D4: Population aged 3 to 16 | E4: Population aged 11 to 20 | F4: Population aged 18 to 64 | G4: Population aged 16 and over | H4: Population aged 18 and over | I4: Population aged under 60 | J4: Population aged 60 and over | K4: Population aged 85 and over | L4: Population aged 11 to 15 and secondary school pupils in year groups 12 to 14 | M4: Population aged 16 to 18 other than at school | N4: Enhanced population | O4: Index-weighted working age population
A5: Isle of Anglesey | B5: 69049 | C5: 6762 | D5: 10624 | E5: 7220 | F5: 37431 | G5: 57404 | H5: 55945 | I5: 45413 | J5: 23636 | K5: 2259 | L5: 4526 | M5: 1617 | N5: 86915 | O5: 30731
A6: Gwynedd | B6: 117591 | C6: 10937 | D6: 17519 | E6: 13993 | F6: 68146 | G6: 98274 | H6: 95734 | I6: 81747 | J6: 35844 | K6: 3845 | L6: 7329 | M6: 3066 | N6: 183793 | O6: 43631
A7: Conwy | B7: 114290 | C7: 10307 | D7: 16508 | E7: 11362 | F7: 62103 | G7: 96135 | H7: 93732 | I7: 73831 | J7: 40459 | K7: 4481 | L7: 7358 | M7: 2476 | N7: 163456 | O7: 48267
A8: Denbighshire | B8: 96558 | C8: 9554 | D8: 15357 | E8: 10680 | F8: 53166 | G8: 79554 | H8: 77255 | I8: 65479 | J8: 31079 | K8: 3098 | L8: 6628 | M8: 2535 | N8: 128965 | O8: 38087
A9: Flintshire | B9: 155319 | C9: 15251 | D9: 24624 | E9: 17156 | F9: 90672 | G9: 128035 | H9: 124432 | I9: 111158 | J9: 44161 | K9: 3939 | L9: 10422 | M9: 4307 | N9: 173863 | O9: 72326
A10: Wrexham | B10: 135394 | C10: 14092 | D10: 22382 | E10: 15422 | F10: 79567 | G10: 110699 | H10: 107469 | I10: 99001 | J10: 36393 | K10: 3478 | L10: 8611 | M10: 4480 | N10: 142799 | O10: 58604
A11: Powys | B11: 133891 | C11: 11772 | D11: 18874 | E11: 13138 | F11: 72546 | G11: 113192 | H11: 110340 | I11: 85431 | J11: 48460 | K11: 4823 | L11: 8041 | M11: 3245 | N11: 166071 | O11: 51400
A12: Ceredigion | B12: 71610 | C12: 5875 | D12: 9269 | E12: 9014 | F12: 41358 | G12: 61430 | H12: 60072 | I12: 47542 | J12: 24068 | K12: 2328 | L12: 4176 | M12: 1508 | N12: 95574 | O12: 32255
A13: Pembrokeshire | B13: 124367 | C13: 11863 | D13: 18995 | E13: 13178 | F13: 67880 | G13: 103628 | H13: 100828 | I13: 81931 | J13: 42436 | K13: 4171 | L13: 7791 | M13: 3457 | N13: 166455 | O13: 54743
A14: Carmarthenshire | B14: 189117 | C14: 18472 | D14: 29494 | E14: 20597 | F14: 105994 | G14: 156766 | H14: 152438 | I14: 128707 | J14: 60410 | K14: 5805 | L14: 12452 | M14: 5060 | N14: 208793 | O14: 96536
A15: Swansea | B15: 241282 | C15: 23519 | D15: 37329 | E15: 30092 | F15: 145123 | G15: 200047 | H15: 194813 | I15: 176794 | J15: 64488 | K15: 6795 | L15: 15277 | M15: 6724 | N15: 262503 | O15: 95128
A16: Neath Port Talbot | B16: 142158 | C16: 14262 | D16: 22666 | E16: 17508 | F16: 83458 | G16: 117345 | H16: 113997 | I16: 101897 | J16: 40261 | K16: 3758 | L16: 8907 | M16: 4673 | N16: 148058 | O16: 76507
... A28: SSA Unit (£)¹ | B28: 269.582 | C28: 96.125 | D28: 580.598 | E28: 49.235 | F28: 259.287 | G28: 7.129 | H28: 6.261 | I28: 0.477 | J28: 10.994 | K28: 1991.957 | L28: 233.477 | M28: 46.943 | N28: 69.842 | O28: 26.278
A29: ¹ The amount of SSA allocated by one unit of the indicator value. Amounts have been rounded to the nearest penny and therefore values less than 0.5p will appear as zero

Sheet 1a
A1: Local Government Settlement 2024-25
A2: Back to contents
A3: Population
A4: Unitary Authority | B4: Population, all ages | C4: Population aged 3 to 11 | D4: Population aged 3 to 16 | E4: Population aged 11 to 20 | F4: Population aged 18 to 64 | G4: Population aged 16 and over | H4: Population aged 18 and over | I4: Population aged under 60 | J4: Population aged 60 and over | K4: Population aged 85 and over | L4: Population aged 11 to 15 and secondary school pupils in year groups 12 to 14 | M4: Population aged 16 to 18 other than at school | N4: Enhanced population | O4: Index-weighted working age population
A5: Isle of Anglesey | B5: 0.022048831 | C5: 0.021576398 | D5: 0.021422205 | E5: 0.019806 | F5: 0.020362068 | G5: 0.022229339 | H5: 0.022271001 | I5: 0.020169553 | J5: 0.02685671 | K5: 0.026536821 | L5: 0.021940094 | M5: 0.019210892 | N5: 0.024159927 | O5: 0.02204249
A6: Gwynedd | B6: 0.037549335 | C6: 0.034898117 | D6: 0.035325265 | E6: 0.038385784 | F6: 0.037070704 | G6: 0.03805599 | H6: 0.038110502 | I6: 0.036306795 | J6: 0.040728208 | K6: 0.045167808 | L6: 0.035527827 | M6: 0.036425847 | N6: 0.051089288 | O6: 0.0312953
A7: Conwy | B7: 0.036495255 | C7: 0.032887893 | D7: 0.033286687 | E7: 0.031168389 | F7: 0.033783376 | G7: 0.037227676 | H7: 0.037313531 | I7: 0.032791014 | J7: 0.045972062 | K7: 0.052638998 | L7: 0.035668407 | M7: 0.029416307 | N7: 0.045436174 | O7: 0.034620574
A8: Denbighshire | B8: 0.030833046 | C8: 0.030485198 | D8: 0.030965814 | E8: 0.029297518 | F8: 0.028921742 | G8: 0.030806787 | H8: 0.030754244 | I8: 0.029081589 | J8: 0.035313915 | K8: 0.036392684 | L8: 0.032129682 | M8: 0.030117261 | N8: 0.035848645 | O8: 0.027318744
A9: Flintshire | B9: 0.049596697 | C9: 0.048663361 | D9: 0.049651768 | E9: 0.047062567 | F9: 0.04932461 | G9: 0.049580751 | H9: 0.049534815 | I9: 0.049369282 | J9: 0.050178507 | K9: 0.046272041 | L9: 0.050521356 | M9: 0.051169643 | N9: 0.048329028 | O9: 0.051877424
A10: Wrexham | B10: 0.043234216 | C10: 0.044965188 | D10: 0.045131005 | E10: 0.042305835 | F10: 0.043283607 | G10: 0.042867493 | H10: 0.042782058 | I10: 0.04396992 | J10: 0.041352017 | K10: 0.040856602 | L10: 0.04174241 | M10: 0.053224982 | N10: 0.039694109 | O10: 0.042035016
A11: Powys | B11: 0.042754276 | C11: 0.037562461 | D11: 0.038057483 | E11: 0.036040336 | F11: 0.039464257 | G11: 0.043832892 | H11: 0.043924967 | I11: 0.037942992 | J11: 0.055063301 | K11: 0.056656525 | L11: 0.038979296 | M11: 0.038552471 | N11: 0.046163071 | O11: 0.036867787
A12: Ceredigion | B12: 0.022866613 | C12: 0.018746131 | D12: 0.018689987 | E12: 0.024727325 | F12: 0.022498315 | G12: 0.023788382 | H12: 0.023913908 | I12: 0.021115119 | J12: 0.027347576 | K12: 0.027347375 | L12: 0.020243445 | M12: 0.017915909 | N12: 0.026566886 | O12: 0.023135612
A13: Pembrokeshire | B13: 0.039713058 | C13: 0.037852826 | D13: 0.038301468 | E13: 0.036150065 | F13: 0.036926003 | G13: 0.040129293 | H13: 0.040138359 | I13: 0.036388516 | J13: 0.048218453 | K13: 0.04899738 | L13: 0.037767404 | M13: 0.041071153 | N13: 0.046269812 | O13: 0.039265628
A14: Carmarthenshire | B14: 0.060389125 | C14: 0.058941027 | D14: 0.059471623 | E14: 0.056501964 | F14: 0.057659616 | G14: 0.06070665 | H14: 0.060683651 | I14: 0.057163427 | J14: 0.068641643 | K14: 0.06819223 | L14: 0.060361919 | M14: 0.060115717 | N14: 0.058038586 | O14: 0.069242582
A15: Swansea | B15: 0.077046532 | C15: 0.07504515 | D15: 0.075270096 | E15: 0.082548774 | F15: 0.078945379 | G15: 0.077466946 | H15: 0.077552606 | I15: 0.0785206 | J15: 0.073275323 | K15: 0.079821913 | L15: 0.0740563 | M15: 0.079884996 | N15: 0.072968456 | O15: 0.068232663
A16: Neath Port Talbot | B16: 0.045394107 | C16: 0.045507629 | D16: 0.045703662 | E16: 0.048028178 | F16: 0.04540027 | G16: 0.045441115 | H16: 0.045380773 | I16: 0.045256138 | J16: 0.045747082 | K16: 0.044145806 | L16: 0.04317729 | M16: 0.055517934 | N16: 0.041155963 | O16: 0.054876339
... A27: Wales | B27: 1 | C27: 1 | D27: 1 | E27: 1 | F27: 1 | G27: 1 | H27: 1 | I27: 1 | J27: 1 | K27: 1 | L27: 1 | M27: 1 | N27: 1 | O27: 1

Sheet 2
A1: Local Government Settlement 2024-25
A2: Back to contents
A3: Education
A4: Unitary Authority | B4: Primary school pupils and modelled nursery school pupils | C4: Secondary school pupils in year groups 7 to 11 | D4: Secondary school pupils in year groups 10 and 11 | E4: Primary school pupils eligible for free school meals | F4: Secondary school pupils eligible for free school meals | G4: Area per modelled primary school index | H4: Area per modelled secondary school index
A5: Isle of Anglesey | B5: 5341 | C5: 3483 | D5: 1322 | E5: 1137 | F5: 713 | G5: 1197.5179 | H5: 11278.666
A6: Gwynedd | B6: 8879 | C6: 6662 | D6: 2625 | E6: 1786 | F6: 1205 | G6: 2525.0209 | H6: 24950.246
A7: Conwy | B7: 8252 | C7: 5631 | D7: 2179 | E7: 2253 | F7: 1478 | G7: 1755.6517 | H7: 12125.83
A8: Denbighshire | B8: 8128 | C8: 6396 | D8: 2529 | E8: 2214 | F8: 1588 | G8: 1480.8853 | H8: 10556.703
A9: Flintshire | B9: 12579 | C9: 8751 | D9: 3512 | E9: 2945 | F9: 1984 | G9: 488.77536 | H9: 3693.5651
A10: Wrexham | B10: 11388 | C10: 6645 | D10: 2609 | E10: 2997 | F10: 1699 | G10: 813.94615 | H10: 5866.1826
A11: Powys | B11: 9554 | C11: 6522 | D11: 2640 | E11: 1637 | F11: 1086 | G11: 4715.191 | H11: 44352.857
A12: Ceredigion | B12: 4929 | C12: 3630 | D12: 1454 | E12: 1019 | F12: 638 | G12: 2948.1172 | H12: 28335.909
A13: Pembrokeshire | B13: 9512 | C13: 6318 | D13: 2485 | E13: 2101 | F13: 1408 | G13: 1803.6187 | H13: 15639.092
A14: Carmarthenshire | B14: 14771 | C14: 10464 | D14: 4156 | E14: 3443 | F14: 2316 | G14: 1744.3405 | H14: 15683.681
A15: Swansea | B15: 19633 | C15: 13430 | D15: 5397 | E15: 5715 | F15: 3754 | G15: 404.0784 | H15: 2488.1791
A16: Neath Port Talbot | B16: 11237 | C16: 8123 | D16: 3145 | E16: 3578 | F16: 2275 | G16: 605.74064 | H16: 4349.6546
... A28: SSA Unit (£)¹ | B28: 4296.009 | C28: 5060.578 | D28: 1242.918 | E28: 1771.873 | F28: 2448.15 | G28: 580.756 | H28: 128.156
A29: ¹ The amount of SSA allocated by one unit of the indicator value. Amounts have been rounded to the nearest penny and therefore values less than 0.5p will appear as zero

Sheet 2a
A1: Local Government Settlement 2024-25
A2: Back to contents
A3: Education
A4: Unitary Authority | B4: Primary school pupils and modelled nursery school pupils | C4: Secondary school pupils in year groups 7 to 11 | D4: Secondary school pupils in year groups 10 and 11 | E4: Primary school pupils eligible for free school meals | F4: Secondary school pupils eligible for free school meals | G4: Area per modelled primary school index | H4: Area per modelled secondary school index
A5: Isle of Anglesey | B5: 0.020938611 | C5: 0.020016321 | D5: 0.019331442 | E5: 0.017222315 | F5: 0.016561368 | G5: 0.047512917 | H5: 0.053352488
A6: Gwynedd | B6: 0.034808824 | C6: 0.038285596 | D6: 0.03838505 | E6: 0.027052818 | F6: 0.027989408 | G6: 0.10018314 | H6: 0.11802439
A7: Conwy | B7: 0.032350762 | C7: 0.032360581 | D7: 0.031863247 | E7: 0.034126539 | F7: 0.034330577 | G7: 0.069657523 | H7: 0.057359906
A8: Denbighshire | B8: 0.031864638 | C8: 0.036756931 | D8: 0.036981253 | E8: 0.0335358 | F8: 0.036885627 | G8: 0.058755846 | H8: 0.049937321
A9: Flintshire | B9: 0.049314134 | C9: 0.050290791 | D9: 0.051355541 | E9: 0.04460837 | F9: 0.046083806 | G9: 0.019392731 | H9: 0.017472003
A10: Wrexham | B10: 0.044644992 | C10: 0.038187899 | D10: 0.038151084 | E10: 0.045396022 | F10: 0.039463904 | G10: 0.032294261 | H10: 0.027749332
A11: Powys | B11: 0.037455063 | C11: 0.037481035 | D11: 0.038604393 | E11: 0.024795892 | F11: 0.025225309 | G11: 0.18708069 | H11: 0.20980632
A12: Ceredigion | B12: 0.019323425 | C12: 0.02086111 | D12: 0.021261662 | E12: 0.015434951 | F12: 0.014819288 | G12: 0.11696998 | H12: 0.1340399
A13: Pembrokeshire | B13: 0.037290408 | C13: 0.036308675 | D13: 0.036337847 | E13: 0.031824172 | F13: 0.032704636 | G13: 0.071560673 | H13: 0.073979008
A14: Carmarthenshire | B14: 0.05790755 | C14: 0.060135166 | D14: 0.060772673 | E14: 0.052151653 | F14: 0.05379541 | G14: 0.069208741 | H14: 0.074189929
A15: Swansea | B15: 0.076968312 | C15: 0.07718036 | D15: 0.078919662 | E15: 0.086565989 | F15: 0.087196878 | G15: 0.016032281 | H15: 0.011770058
A16: Neath Port Talbot | B16: 0.044053019 | C16: 0.046681762 | D16: 0.045988945 | E16: 0.054196519 | F16: 0.052843073 | G16: 0.024033465 | H16: 0.020575563
... A27: Wales | B27: 1 | C27: 1 | D27: 1 | E27: 1 | F27: 1 | G27: 1 | H27: 1

Sheet 3
A1: Local Government Settlement 2024-25
A2: Back to contents
A3: Census
A4: Unitary Authority | B4: Dependent children in households where head is in a low occupational classification | C4: Dependent children in lone adult households | D4: Dependent children in social rented housing | E4: Dependent children in overcrowded housing | F4: Pensioners living alone in households | G4: Pensioners with a limiting long-term illness | H4: Households where head is aged 18 to 64 with no carer | I4: Adults aged 18 to 64 in non-white ethnic groups | J4: Population aged under 18 in wards with weighted density greater than the Welsh average
A5: Isle of Anglesey | B5: 4642 | C5: 3081 | D5: 3215 | E5: 1089 | F5: 4136 | G5: 6727 | H5: 22846 | I5: 273 | J5: 541
A6: Gwynedd | B6: 7713 | C6: 4890 | D6: 6290 | E6: 2050 | F6: 7745 | G6: 11558 | H6: 40544 | I6: 844 | J6: 1561
A7: Conwy | B7: 6854 | C7: 4611 | D7: 4075 | E7: 1640 | F7: 8417 | G7: 13134 | H7: 38694 | I7: 651 | J7: 9927
A8: Denbighshire | B8: 6121 | C8: 3971 | D8: 3752 | E8: 1883 | F8: 6587 | G8: 10560 | H8: 31816 | I8: 609 | J8: 8356
A9: Flintshire | B9: 10071 | C9: 5992 | D9: 6667 | E9: 2626 | F9: 7418 | G9: 12231 | H9: 48409 | I9: 681 | J9: 6296
A10: Wrexham | B10: 9360 | C10: 4824 | D10: 8422 | E10: 2665 | F10: 7262 | G10: 12071 | H10: 42057 | I10: 872 | J10: 11534
A11: Powys | B11: 6854 | C11: 4275 | D11: 5069 | E11: 1633 | F11: 8303 | G11: 12786 | H11: 43317 | I11: 596 | J11: 1902
A12: Ceredigion | B12: 3422 | C12: 2421 | D12: 2319 | E12: 1189 | F12: 4643 | G12: 6930 | H12: 25162 | I12: 677 | J12: 856
A13: Pembrokeshire | B13: 7808 | C13: 5749 | D13: 6483 | E13: 2072 | F13: 6916 | G13: 11520 | H13: 38100 | I13: 560 | J13: 3084
A14: Carmarthenshire | B14: 11339 | C14: 7807 | D14: 7206 | E14: 2557 | F14: 11492 | G14: 20452 | H14: 56970 | I14: 984 | J14: 8978
A15: Swansea | B15: 14347 | C15: 11262 | D15: 10749 | E15: 4337 | F15: 13713 | G15: 24912 | H15: 73343 | I15: 2938 | J15: 34952
A16: Neath Port Talbot | B16: 10954 | C16: 7104 | D16: 7128 | E16: 2014 | F16: 8710 | G16: 16743 | H16: 43538 | I16: 844 | J16: 10618
... A28: SSA Unit (£)¹ | B28: 58.359 | C28: 85.027 | D28: 694.061 | E28: 1333.369 | F28: 1486.494 | G28: 904.689 | H28: 130.48 | I28: 283.359 | J28: 145.501
A29: ¹ The amount of SSA allocated by one unit of the indicator value. Amounts have been rounded to the nearest penny and therefore values less than 0.5p will appear as zero

Sheet 3a
A1: Local Government Settlement 2024-25
A2: Back to contents
A3: Census
A4: Unitary Authority | B4: Dependent children in households where head is in a low occupational classification | C4: Dependent children in lone adult households | D4: Dependent children in social rented housing | E4: Dependent children in overcrowded housing | F4: Pensioners living alone in households | G4: Pensioners with a limiting long-term illness | H4: Households where head is aged 18 to 64 with no carer | I4: Adults aged 18 to 64 in non-white ethnic groups | J4: Population aged under 18 in wards with weighted density greater than the Welsh average
A5: Isle of Anglesey | B5: 0.022580018 | C5: 0.021835268 | D5: 0.021935211 | E5: 0.019424229 | F5: 0.024171586 | G5: 0.022655553 | H5: 0.023940713 | I5: 0.0075030919 | J5: 0.001891496
A6: Gwynedd | B6: 0.037518241 | C6: 0.034655781 | D6: 0.042915234 | E6: 0.036565354 | F6: 0.045263281 | G6: 0.038925655 | H6: 0.042486749 | I6: 0.023196372 | J6: 0.0054577175
A7: Conwy | B7: 0.033339819 | C7: 0.032678488 | D7: 0.027802795 | E7: 0.029252283 | F7: 0.049190579 | G7: 0.044233392 | H7: 0.040548103 | I7: 0.017891988 | J7: 0.034707727
A8: Denbighshire | B8: 0.029774297 | C8: 0.028142762 | D8: 0.025599039 | E8: 0.033586615 | F8: 0.038495705 | G8: 0.035564536 | H8: 0.033340529 | I8: 0.016737667 | J8: 0.029215047
A9: Flintshire | B9: 0.048988228 | C9: 0.042465734 | D9: 0.045487419 | E9: 0.046839326 | F9: 0.04335223 | G9: 0.04119222 | H9: 0.050728617 | I9: 0.018716504 | J9: 0.022012678
A10: Wrexham | B10: 0.045529721 | C10: 0.034188034 | D10: 0.057461383 | E10: 0.04753496 | F10: 0.042440535 | G10: 0.040653364 | H10: 0.044072248 | I10: 0.02396592 | J10: 0.040326274
A11: Powys | B11: 0.033339819 | C11: 0.030297232 | D11: 0.03458463 | E11: 0.029127426 | F11: 0.048524341 | G11: 0.043061379 | H11: 0.045392623 | I11: 0.016380377 | J11: 0.0066499544
A12: Ceredigion | B12: 0.016645588 | C12: 0.017157801 | D12: 0.015822008 | E12: 0.021207905 | F12: 0.027134592 | G12: 0.023339227 | H12: 0.026367689 | I12: 0.018606569 | J12: 0.0029928291
A13: Pembrokeshire | B13: 0.037980348 | C13: 0.040743576 | D13: 0.044232029 | E13: 0.036957763 | F13: 0.040418444 | G13: 0.038797676 | H13: 0.03992564 | I13: 0.015390958 | J13: 0.010782576
A14: Carmarthenshire | B14: 0.055156144 | C14: 0.055328769 | D14: 0.049164893 | E14: 0.04560859 | F14: 0.067161475 | G14: 0.068879347 | H14: 0.059699835 | I14: 0.027044112 | J14: 0.031389743
A15: Swansea | B15: 0.069787917 | C15: 0.079814602 | D15: 0.073337973 | E15: 0.077358019 | F15: 0.080141429 | G15: 0.083899975 | H15: 0.076857381 | I15: 0.080747561 | J15: 0.12220253
A16: Neath Port Talbot | B16: 0.053283393 | C16: 0.050346558 | D16: 0.048632717 | E16: 0.035923231 | F16: 0.050902928 | G16: 0.056387977 | H16: 0.045624213 | I16: 0.023196372 | J16: 0.037123667
... A27: Wales | B27: 1 | C27: 1 | D27: 1 | E27: 1 | F27: 1 | G27: 1 | H27: 1 | I27: 1 | J27: 1

Sheet 4
A1: Local Government Settlement 2024-25
A2: Back to contents
A3: Dispersion
A4: Unitary Authority | B4: Dispersion threshold 2,500 (1991) | C4: Dispersion threshold 5,000 (1991) | D4: Dispersion threshold 300 (2001) | E4: Dispersion threshold 7,500 (2001)
A5: Isle of Anglesey | B5: 128551795 | C5: 128551795 | D5: 130383.38 | E5: 898896.01
A6: Gwynedd | B6: 211436930 | C6: 362142662 | D6: 256296.29 | E6: 1974641.2
A7: Conwy | B7: 42650396 | C7: 47910992 | D7: 133382.33 | E7: 379116.69
A8: Denbighshire | B8: 32699732 | C8: 97046269 | D8: 130555.42 | E8: 714926.39
A9: Flintshire | B9: 33675621 | C9: 55930762 | D9: 121608.83 | E9: 444892.2
A10: Wrexham | B10: 35288433 | C10: 50313550 | D10: 75431.77 | E10: 307458.09
A11: Powys | B11: 158454067 | C11: 446665352 | D11: 487491.17 | E11: 3657723.4
A12: Ceredigion | B12: 153150702 | C12: 169195643 | D12: 311564.98 | E12: 1214769.1
A13: Pembrokeshire | B13: 96250147 | C13: 117226687 | D13: 255454.45 | E13: 819089.79
A14: Carmarthenshire | B14: 133181158 | C14: 200677744 | D14: 372239.82 | E14: 1313187.2
A15: Swansea | B15: 52883100 | C15: 55625521 | D15: 90742.95 | E15: 221592.53
A16: Neath Port Talbot | B16: 53691735 | C16: 75238754 | D16: 88646.98 | E16: 336986.67
... A28: SSA Unit (£)¹ | B28: 0.008 | C28: 0.021 | D28: 13.357 | E28: 1.515
A29: ¹ The amount of SSA allocated by one unit of the indicator value. Amounts have been rounded to the nearest penny and therefore values less than 0.5p will appear as zero

Sheet 4a
A1: Local Government Settlement 2024-25
A2: Back to contents
A3: Dispersion
A4: Unitary Authority | B4: Dispersion threshold 2,500 (1991) | C4: Dispersion threshold 5,000 (1991) | D4: Dispersion threshold 300 (2001) | E4: Dispersion threshold 7,500 (2001)
A5: Isle of Anglesey | B5: 0.086958565 | C5: 0.057561593 | D5: 0.043032251 | E5: 0.061873763
A6: Gwynedd | B6: 0.14302602 | C6: 0.1621565 | D6: 0.084589051 | E6: 0.1359206
A7: Conwy | B7: 0.028850762 | C7: 0.021453088 | D7: 0.044022037 | E7: 0.026095762
A8: Denbighshire | B8: 0.022119658 | C8: 0.043454375 | D8: 0.043089032 | E8: 0.049210571
A9: Flintshire | B9: 0.022779796 | C9: 0.025044098 | D9: 0.040136264 | E9: 0.030623292
A10: Wrexham | B10: 0.023870779 | C10: 0.022528881 | D10: 0.024895802 | E10: 0.021163281
A11: Powys | B11: 0.10718589 | C11: 0.20000319 | D11: 0.16089353 | E11: 0.25177229
A12: Ceredigion | B12: 0.10359844 | C12: 0.075760675 | D12: 0.10283015 | E12: 0.083616277
A13: Pembrokeshire | B13: 0.065108189 | C13: 0.052490553 | D13: 0.084311206 | E13: 0.056380457
A14: Carmarthenshire | B14: 0.090090086 | C14: 0.089857405 | D14: 0.12285552 | E14: 0.090390692
A15: Swansea | B15: 0.035772651 | C15: 0.02490742 | D15: 0.029949165 | E15: 0.015252892
A16: Neath Port Talbot | B16: 0.03631965 | C16: 0.033689631 | D16: 0.029257403 | E16: 0.023195824
... A27: Wales | B27: 1 | C27: 1 | D27: 1 | E27: 1

Sheet 5
A1: Local Government Settlement 2024-25
A2: Back to contents
A3: Settlement Thresholds
A4: Unitary Authority | B4: Settlement threshold 1,000 | C4: Settlement threshold 7,500 | D4: Settlement threshold 12,500 | E4: Settlement threshold 30,000 | F4: Settlement threshold 40,000
A5: Isle of Anglesey | B5: 50353 | C5: 59452 | D5: 68854 | E5: 68854 | F5: 68854
A6: Gwynedd | B6: 83755 | C6: 95564 | D6: 112619 | E6: 112619 | F6: 112619
A7: Conwy | B7: 44876 | C7: 77994 | D7: 90047 | E7: 105804 | F7: 105804
A8: Denbighshire | B8: 38810 | C8: 50651 | D8: 50651 | E8: 88267 | F8: 88267
A9: Flintshire | B9: 59553 | C9: 87866 | D9: 98201 | E9: 141296 | F9: 141296
A10: Wrexham | B10: 36240 | C10: 71585 | D10: 83023 | E10: 83023 | F10: 83023
A11: Powys | B11: 91018 | C11: 111018 | D11: 118521 | E11: 118521 | F11: 118521
A12: Ceredigion | B12: 52260 | C12: 54233 | D12: 62909 | E12: 62909 | F12: 62909
A13: Pembrokeshire | B13: 69575 | C13: 89960 | D13: 111575 | E13: 111575 | F13: 111575
A14: Carmarthenshire | B14: 109168 | C14: 127570 | D14: 135717 | E14: 135717 | F14: 167832
A15: Swansea | B15: 47135 | C15: 78455 | D15: 78455 | E15: 106975 | F15: 106975
A16: Neath Port Talbot | B16: 45593 | C16: 68593 | D16: 68593 | E16: 68593 | F16: 138225
... A28: SSA Unit (£)¹ | B28: 126.442 | C28: 60.011 | D28: 5.442 | E28: 13.821 | F28: 16.151
A29: ¹ The amount of SSA allocated by one unit of the indicator value. Amounts have been rounded to the nearest penny and therefore values less than 0.5p will appear as zero

Sheet 5a
A1: Local Government Settlement 2024-25
A2: Back to contents
A3: Settlement Thresholds
A4: Unitary Authority | B4: Settlement threshold 1,000 | C4: Settlement threshold 7,500 | D4: Settlement threshold 12,500 | E4: Settlement threshold 30,000 | F4: Settlement threshold 40,000
A5: Isle of Anglesey | B5: 0.048317898 | C5: 0.040245513 | D5: 0.040645641 | E5: 0.034090121 | F5: 0.030897612
A6: Gwynedd | B6: 0.0803699 | C6: 0.064691217 | D6: 0.066480835 | E6: 0.055758495 | F6: 0.050536762
A7: Conwy | B7: 0.043062261 | C7: 0.052797358 | D7: 0.053156215 | E7: 0.052384338 | F7: 0.047478592
A8: Denbighshire | B8: 0.037241428 | C8: 0.034287753 | D8: 0.029900113 | E8: 0.04370164 | F8: 0.039609021
A9: Flintshire | B9: 0.057146065 | C9: 0.059480123 | D9: 0.057969654 | E9: 0.069956688 | F9: 0.063405307
A10: Wrexham | B10: 0.034775299 | C10: 0.048458842 | D10: 0.049009833 | E10: 0.041105297 | F10: 0.037255823
A11: Powys | B11: 0.087339354 | C11: 0.075152667 | D11: 0.069964882 | E11: 0.058680618 | F11: 0.053185231
A12: Ceredigion | B12: 0.050147824 | C12: 0.036712557 | D12: 0.03713621 | E12: 0.031146708 | F12: 0.028229847
A13: Pembrokeshire | B13: 0.066763009 | C13: 0.060897638 | D13: 0.065864545 | E13: 0.055241602 | F13: 0.050068276
A14: Carmarthenshire | B14: 0.10475579 | C14: 0.086357399 | D14: 0.080115962 | E14: 0.067194484 | F14: 0.075313098
A15: Swansea | B15: 0.045229959 | C15: 0.053109428 | D15: 0.046313268 | E15: 0.052964109 | F15: 0.048004067
A16: Neath Port Talbot | B16: 0.043750282 | C16: 0.046433433 | D16: 0.040491568 | E16: 0.033960898 | F16: 0.062027223
... A27: Wales | B27: 1 | C27: 1 | D27: 1 | E27: 1 | F27: 1

Sheet 6 
A1: Local Government Settlement 2024-25
A2: Back to contents
A3: Deprivation
A4: Unitary Authority | B4: Total income support, job seekers allowance, pension credit or universal credit (not in employment) claimants | C4: Dependent children in out of work families | D4: Income support, job seekers allowance, pension credit or universal credit (not in employment) claimants, aged 18-64 | E4: Pension credit claimants aged 65 and over | F4: Severe disablement allowance or disability living allowance or personal independence payment claimants, aged 18 to 64
A5: Isle of Anglesey | B5: 5899 | C5: 2500 | D5: 3593.75 | E5: 2199.1667 | F5: 2963.25
A6: Gwynedd | B6: 9371.5 | C6: 3500 | D6: 5590.75 | E6: 3638.5 | F6: 4189.9167
A7: Conwy | B7: 10519.417 | C7: 4000 | D7: 6517 | E7: 3839.0833 | F7: 5432.5
A8: Denbighshire | B8: 9581.6667 | C8: 4200 | D8: 6103.0833 | E8: 3315.0833 | F8: 5525.6667
A9: Flintshire | B9: 12074.5 | C9: 5000 | D9: 8216.5 | E9: 3657.8333 | F9: 6551.0833
A10: Wrexham | B10: 11943.583 | C10: 5500 | D10: 8261.75 | E10: 3480.5 | F10: 6572.4167
A11: Powys | B11: 8731.0833 | C11: 2900 | D11: 5106.75 | E11: 3468.0833 | F11: 5036.5
A12: Ceredigion | B12: 5028 | C12: 1800 | D12: 2965.3333 | E12: 1975.9167 | F12: 2844.4167
A13: Pembrokeshire | B13: 10483.25 | C13: 4600 | D13: 6613.5 | E13: 3696.8333 | F13: 5849
A14: Carmarthenshire | B14: 15538.417 | C14: 6900 | D14: 9795.5833 | E14: 5483.3333 | F14: 10301.5
A15: Swansea | B15: 22973.75 | C15: 9800 | D15: 15735.917 | E15: 6877.3333 | F15: 13685.5
A16: Neath Port Talbot | B16: 14817.333 | C16: 6900 | D16: 10063.333 | E16: 4528.4167 | F16: 10004.917
... A28: SSA Unit (£)¹ | B28: 120.56 | C28: 4769.915 | D28: 168.998 | E28: 1428.322 | F28: 837.462
A29: ¹ The amount of SSA allocated by one unit of the indicator value. Amounts have been rounded to the nearest penny and therefore values less than 0.5p will appear as zero

Sheet 6a
A1: Local Government Settlement 2024-25
A2: Back to contents
A3: Deprivation
A4: Unitary Authority | B4: Total income support, job seekers allowance, pension credit or universal credit (not in employment) claimants | C4: Dependent children in out of work families | D4: Income support, job seekers allowance, pension credit or universal credit (not in employment) claimants, aged 18-64 | E4: Pension credit claimants aged 65 and over | F4: Severe disablement allowance or disability living allowance or personal independence payment claimants, aged 18 to 64
A5: Isle of Anglesey | B5: 0.021228104 | C5: 0.019700552 | D5: 0.019144944 | E5: 0.025629222 | F5: 0.018192357
A6: Gwynedd | B6: 0.033724221 | C6: 0.027580772 | D6: 0.029783539 | E6: 0.0424033 | F6: 0.025723264
A7: Conwy | B7: 0.037855106 | C7: 0.031520883 | D7: 0.03471794 | E7: 0.044740911 | F7: 0.033351888
A8: Denbighshire | B8: 0.034480525 | C8: 0.033096927 | D8: 0.032512886 | E8: 0.038634183 | F8: 0.033923868
A9: Flintshire | B9: 0.043451219 | C9: 0.039401103 | D9: 0.043771667 | E9: 0.042628612 | F9: 0.040219235
A10: Wrexham | B10: 0.042980103 | C10: 0.043341214 | D10: 0.044012727 | E10: 0.040561959 | F10: 0.040350208
A11: Powys | B11: 0.031419621 | C11: 0.02285264 | D11: 0.027205131 | E11: 0.040417254 | F11: 0.030920715
A12: Ceredigion | B12: 0.018093729 | C12: 0.014184397 | D12: 0.015797187 | E12: 0.023027453 | F12: 0.017462801
A13: Pembrokeshire | B13: 0.037724957 | C13: 0.036249015 | D13: 0.035232023 | E13: 0.043083121 | F13: 0.035908917
A14: Carmarthenshire | B14: 0.055916448 | C14: 0.054373522 | D14: 0.0521839 | E14: 0.0639031 | F14: 0.063244265
A15: Swansea | B15: 0.082673191 | C15: 0.077226162 | D15: 0.08382977 | E15: 0.080148861 | F15: 0.084019744
A16: Neath Port Talbot | B16: 0.053321562 | C16: 0.054373522 | D16: 0.053610281 | E16: 0.052774443 | F16: 0.061423444
... A27: Wales | B27: 1 | C27: 1 | D27: 1 | E27: 1 | F27: 1

Sheet 7
A1: Local Government Settlement 2024-25
A2: Back to contents
A3: Other Indicators
A4: Unitary Authority | B4: Number of deaths from all causes | C4: Total homelessness decisions | D4: Housing General Capital Funding | E4: Planning applications received | F4: Urban road length | G4: Weighted Road Length | H4: Traffic flow (Rounded Billions) | I4: Street lighting units | J4: Length of artificially protected coastline | K4: Ships arriving at ports | L4: All dwellings | M4: Food premises | N4: Trading premises | O4: Land drainage levies | P4: National park levies | Q4: Deprivation Grant | R4: Housing Benefit Recipients | S4: Council Tax Reduction Schemes Expenditure | T4: Council Tax Reduction Schemes Caseload | U4: Local Government Borrowing Initiative - Highways Improvement | V4: Asset Financing | W4: Local Government Borrowing Initiative - 21st Century Schools | X4: Debt Financing | Y4: Coastal Risk Management Programme | Z4: Gate Fees | AA4: Fire Pensions | AB4: Implemention of the Performance and Improvement Framework | AC4: Delivery of Flood Prevvention | AD4: Child Burials
A5: Isle of Anglesey | B5: 899 | C5: 233.33333 | D5: 1073 | E5: 798 | F5: 268.6 | G5: 1508.92 | H5: 0.2 | I5: 10058 | J5: 7.9 | K5: 3043 | L5: 35460 | M5: 1030 | N5: 4495 | O5: 4410 | P5: 0 | Q5: 508.24723 | R5: 4768.9167 | S5: 6235872.4 | T5: 5606 | U5: 4835574.3 | V5: 0 | W5: 244602.24 | X5: 6136222 | Y5: 0 | Z5: 0 | AA5: 108409.98 | AB5: 40000 | AC5: 225000 | AD5: 16240
A6: Gwynedd | B6: 1386 | C6: 373.33333 | D6: 2197 | E6: 1040 | F6: 522.7 | G6: 3445.3 | H6: 0.41 | I6: 17962 | J6: 20.14 | K6: 1 | L6: 61410 | M6: 2510 | N6: 10512 | O6: 128740 | P6: 1058785.8 | Q6: 493.83439 | R6: 7472.9583 | S6: 9613264.4 | T6: 8487 | U6: 10357727 | V6: 0 | W6: 264905.31 | X6: 11199775 | Y6: 519070 | Z6: 117820 | AA6: 184623.07 | AB6: 40000 | AC6: 225000 | AD6: 31954
A7: Conwy | B7: 1661 | C7: 316.66667 | D7: 2172 | E7: 1002 | F7: 574 | G7: 1965.06 | H7: 0.2 | I7: 16805 | J7: 23.59 | K7: 31 | L7: 58050 | M7: 2220 | N7: 6421 | O7: 44169 | P7: 314477.23 | Q7: 174.10874 | R7: 8265.6667 | S7: 10989641 | T7: 9716 | U7: 6698375.7 | V7: 3176160 | W7: 131282.45 | X7: 9409802 | Y7: 1306870 | Z7: 0 | AA7: 179440.35 | AB7: 40000 | AC7: 225000 | AD7: 24491
A8: Denbighshire | B8: 1360 | C8: 183.33333 | D8: 1792 | E8: 821 | F8: 301.8 | G8: 1726.06 | H8: 0.31 | I8: 11700 | J8: 9.4 | K8: 0 | L8: 46110 | M8: 1630 | N8: 4771 | O8: 0 | P8: 0 | Q8: 168.51771 | R8: 7710.5833 | S8: 10486887 | T8: 9030 | U8: 6352200.2 | V8: 1018843 | W8: 536831.86 | X8: 8582097 | Y8: 6414936 | Z8: 109470 | AA8: 151600.33 | AB8: 40000 | AC8: 225000 | AD8: 31699
A9: Flintshire | B9: 1724 | C9: 158.33333 | D9: 2171 | E9: 731 | F9: 608.8 | G9: 1523.74 | H9: 0.46 | I9: 20656 | J9: 2.76 | K9: 3 | L9: 71000 | M9: 1680 | N9: 5699 | O9: 0 | P9: 0 | Q9: 225.09354 | R9: 8515.7917 | S9: 11795963 | T9: 10231 | U9: 7535149.9 | V9: 0 | W9: 469545.03 | X9: 11423001 | Y9: 0 | Z9: 5620258 | AA9: 243857.7 | AB9: 40000 | AC9: 225000 | AD9: 30670
A10: Wrexham | B10: 1521 | C10: 525 | D10: 2081 | E10: 854 | F10: 455.5 | G10: 1393.74 | H10: 0.24 | I10: 13286 | J10: 0 | K10: 0 | L10: 61380 | M10: 1450 | N10: 4569 | O10: 0 | P10: 0 | Q10: 321.6985 | R10: 10253.208 | S10: 11735196 | T10: 11025 | U10: 5758068.8 | V10: 1458394 | W10: 163097.42 | X10: 9475324 | Y10: 0 | Z10: 0 | AA10: 212574.57 | AB10: 40000 | AC10: 225000 | AD10: 34468
A11: Powys | B11: 1717 | C11: 326.66667 | D11: 2175 | E11: 1533 | F11: 369 | G11: 5613.32 | H11: 0.24 | I11: 15261 | J11: 0 | K11: 0 | L11: 66110 | M11: 2510 | N11: 10803 | O11: 48553 | P11: 609437.89 | Q11: 47.934264 | R11: 7252.2917 | S11: 10624444 | T11: 9104 | U11: 12547387 | V11: 0 | W11: 571791.75 | X11: 13015561 | Y11: 0 | Z11: 0 | AA11: 273576.96 | AB11: 40000 | AC11: 225000 | AD11: 28566
A12: Ceredigion | B12: 890 | C12: 413.33333 | D12: 1931 | E12: 926 | F12: 261.9 | G12: 2501.26 | H12: 0.14 | I12: 6817 | J12: 12.92 | K12: 0 | L12: 35900 | M12: 1400 | N12: 5981 | O12: 11499 | P12: 0 | Q12: 107.27617 | R12: 4204.5833 | S12: 6138123.2 | T12: 5294 | U12: 6368965.7 | V12: 859976 | W12: 234041.14 | X12: 7439640 | Y12: 1943548 | Z12: 236570 | AA12: 146319.36 | AB12: 40000 | AC12: 225000 | AD12: 19042
A13: Pembrokeshire | B13: 1636 | C13: 546.66667 | D13: 2106 | E13: 951 | F13: 563 | G13: 2842.3 | H13: 0.25 | I13: 15771 | J13: 12.3 | K13: 2509 | L13: 62330 | M13: 2230 | N13: 9301 | O13: 0 | P13: 1083144 | Q13: 365.92864 | R13: 8619.25 | S13: 9480593 | T13: 9194 | U13: 8281742.9 | V13: 581222 | W13: 1096043.9 | X13: 10376704 | Y13: 0 | Z13: 0 | AA13: 254116.75 | AB13: 40000 | AC13: 225000 | AD13: 26671
A14: Carmarthenshire | B14: 2490 | C14: 1160 | D14: 3902 | E14: 1416 | F14: 701.8 | G14: 4084.68 | H14: 0.44 | I14: 20488 | J14: 9.06 | K14: 0 | L14: 89620 | M14: 2680 | N14: 10121 | O14: 0 | P14: 152359.47 | Q14: 1194.5455 | R14: 12551.708 | S14: 16863153 | T14: 15225 | U14: 11697347 | V14: 0 | W14: 634105.21 | X14: 15566166 | Y14: 0 | Z14: 0 | AA14: 386419.2 | AB14: 40000 | AC14: 225000 | AD14: 50953
A15: Swansea | B15: 2789 | C15: 3275 | D15: 4416 | E15: 2232 | F15: 860.9 | G15: 1338.36 | H15: 0.59 | I15: 29028 | J15: 7.9 | K15: 99 | L15: 114940 | M15: 2950 | N15: 8121 | O15: 0 | P15: 0 | Q15: 969.37736 | R15: 19800.208 | S15: 22577022 | T15: 20667 | U15: 9271588.8 | V15: 0 | W15: 375270.34 | X15: 18643550 | Y15: 1556464 | Z15: 101817 | AA15: 493006.96 | AB15: 40000 | AC15: 225000 | AD15: 66699
A16: Neath Port Talbot | B16: 1707 | C16: 475 | D16: 3599 | E16: 784 | F16: 614.6 | G16: 1093.1 | H16: 0.36 | I16: 19638 | J16: 2.9 | K16: 156 | L16: 66990 | M16: 1800 | N16: 4304 | O16: 0 | P16: 0 | Q16: 2358.7643 | R16: 12929.125 | S16: 18296930 | T16: 15751 | U16: 5793741.1 | V16: 0 | W16: 680182.05 | X16: 11668997 | Y16: 139592 | Z16: 0 | AA16: 290468.76 | AB16: 40000 | AC16: 225000 | AD16: 30534
... A28: SSA Unit (£)¹ | B28: -49.268 | C28: 1953.799 | D28: 399.013 | E28: 390.291 | F28: 2032.883 | G28: 1638.34 | H28: 4800906.7 | I28: 77.325 | J28: 15359.827 | K28: 77.191 | L28: 50.835 | M28: 189.647 | N28: 24.061 | O28: 1 | P28: 1 | Q28: 1000 | R28: 66.599 | S28: 0.841 | T28: 18.543 | U28: 0.077 | V28: 1 | W28: 1 | X28: 1 | Y28: 1 | Z28: 1 | AA28: 1.018 | AB28: 1 | AC28: 1 | AD28: 1
A29: ¹ The amount of SSA allocated by one unit of the indicator value. Amounts have been rounded to the nearest penny and therefore values less than 0.5p will appear as zero

Sheet 7a
A1: Local Government Settlement 2024-25
A2: Back to contents
A3: Other Indicators
A4: Unitary Authority | B4: Number of deaths from all causes | C4: Total homelessness decisions | D4: Housing General Capital Funding | E4: Planning applications received | F4: Urban road length | G4: Weighted Road Length | H4: Traffic flow (Rounded) | I4: Street lighting units | J4: Length of artificially protected coastline | K4: Ships arriving at ports | L4: All dwellings | M4: Food premises | N4: Trading premises | O4: Land drainage levies | P4: National park levies | Q4: Deprivation Grant | R4: Housing Benefit Recipients | S4: Council Tax Reduction Schemes Expenditure | T4: Council Tax Reduction Schemes Caseload | U4: Local Government Borrowing Initiative - Highways Improvement | V4: Asset Financing | W4: Local Government Borrowing Initiative - 21st Century Schools | X4: Debt Financing | Y4: Coastal Risk Management Programme | Z4: Gate Fees | AA4: Fire Pensions | AB4: Implemention of the Performance and Improvement Framework | AC4: Delivery of Flood Prevention | AD4: Child Burials
A5: Isle of Anglesey | B5: 0.025186306 | C5: 0.015423598 | D5: 0.019542135 | E5: 0.034041464 | F5: 0.022471722 | G5: 0.038094478 | H5: 0.026773762 | I5: 0.02510784 | J5: 0.067165448 | K5: 0.46858639 | L5: 0.024112607 | M5: 0.024138739 | N5: 0.032975094 | O5: 0.0030866077 | P5: 0 | Q5: 0.023102147 | R5: 0.020633503 | S5: 0.021481614 | T5: 0.021403891 | U5: 0.030902187 | V5: 0 | W5: 0.024460224 | X5: 0.024817681 | Y5: 0 | Z5: 0.018464945 | AA5: ='7'!AA5/'7'!$AA$27 -> 0.018464945 | AB5: 0.018464945 | AC5: 0.045454545 | AD5: 0.0203
A6: Gwynedd | B6: 0.038830055 | C6: 0.024677757 | D6: 0.040013113 | E6: 0.044364815 | F6: 0.043730339 | G6: 0.086980692 | H6: 0.054886212 | I6: 0.044838639 | J6: 0.17122938 | K6: 0.0001539883 | L6: 0.041758466 | M6: 0.058823529 | N6: 0.077115505 | O6: 0.090106547 | P6: 0.30312808 | Q6: 0.022447018 | R6: 0.032332984 | S6: 0.033116206 | T6: 0.032403642 | U6: 0.066192016 | V6: 0 | W6: 0.026490531 | X6: 0.045297 | Y6: 0.036078026 | Z6: 0.03144595 | AA6: ='7'!AA6/'7'!$AA$27 -> 0.03144595 | AB6: 0.03144595 | AC6: 0.045454545 | AD6: 0.0399425
A7: Conwy | B7: 0.046534432 | C7: 0.020932026 | D7: 0.039557798 | E7: 0.042743793 | F7: 0.048022221 | G7: 0.049610275 | H7: 0.026773762 | I7: 0.041950413 | J7: 0.20056113 | K7: 0.0047736372 | L7: 0.039473684 | M7: 0.052027185 | N7: 0.047104134 | O7: 0.030914371 | P7: 0.090034152 | Q7: 0.0079140335 | R7: 0.035762768 | S7: 0.037857611 | T7: 0.037096004 | U7: 0.042806593 | V7: 0.14522891 | W7: 0.013128245 | X7: 0.038057532 | Y7: 0.090834164 | Z7: 0.030563203 | AA7: ='7'!AA7/'7'!$AA$27 -> 0.030563203 | AB7: 0.030563203 | AC7: 0.045454545 | AD7: 0.03061375
A8: Denbighshire | B8: 0.038101642 | C8: 0.012118541 | D8: 0.032637004 | E8: 0.035022609 | F8: 0.025249314 | G8: 0.043576436 | H8: 0.041499331 | I8: 0.029206774 | J8: 0.079918381 | K8: 0 | L8: 0.031354549 | M8: 0.038200141 | N8: 0.034999817 | O8: 0 | P8: 0 | Q8: 0.007659896 | R8: 0.033361108 | S8: 0.036125701 | T8: 0.034476834 | U8: 0.040594326 | V8: 0.046586273 | W8: 0.053683186 | X8: 0.034709916 | Y8: 0.44587094 | Z8: 0.025821347 | AA8: ='7'!AA8/'7'!$AA$27 -> 0.025821347 | AB8: 0.025821347 | AC8: 0.045454545 | AD8: 0.03962375
A9: Flintshire | B9: 0.048299434 | C9: 0.010466013 | D9: 0.039539585 | E9: 0.031183346 | F9: 0.050933672 | G9: 0.038468627 | H9: 0.061579652 | I9: 0.051563686 | J9: 0.023465397 | K9: 0.00046196489 | L9: 0.048279614 | M9: 0.039371924 | N9: 0.041807578 | O9: 0 | P9: 0 | Q9: 0.010231524 | R9: 0.036844975 | S9: 0.040635265 | T9: 0.039062291 | U9: 0.048154076 | V9: 0 | W9: 0.046954503 | X9: 0.046199828 | Y9: 0 | Z9: 0.041535096 | AA9: ='7'!AA9/'7'!$AA$27 -> 0.041535096 | AB9: 0.041535096 | AC9: 0.045454545 | AD9: 0.0383375
A10: Wrexham | B10: 0.042612204 | C10: 0.034703096 | D10: 0.03790045 | E10: 0.036430339 | F10: 0.038108226 | G10: 0.035186622 | H10: 0.032128514 | I10: 0.033165914 | J10: 0 | K10: 0 | L10: 0.041738066 | M10: 0.03398172 | N10: 0.033517955 | O10: 0 | P10: 0 | Q10: 0.014622659 | R10: 0.044362194 | S10: 0.040425934 | T10: 0.042093809 | U10: 0.036797474 | V10: 0.066684603 | W10: 0.016309742 | X10: 0.038322533 | Y10: 0 | Z10: 0.036206792 | AA10: ='7'!AA10/'7'!$AA$27 -> 0.036206792 | AB10: 0.036206792 | AC10: 0.045454545 | AD10: 0.043085
A11: Powys | B11: 0.048103323 | C11: 0.021593037 | D11: 0.039612436 | E11: 0.065395444 | F11: 0.030871428 | G11: 0.14171493 | H11: 0.032128514 | I11: 0.038096118 | J11: 0 | K11: 0 | L11: 0.04495444 | M11: 0.058823529 | N11: 0.079250266 | O11: 0.033982781 | P11: 0.17448075 | Q11: 0.0021788302 | R11: 0.031378234 | S11: 0.036599563 | T11: 0.034759368 | U11: 0.080185244 | V11: 0 | W11: 0.057179175 | X11: 0.052640867 | Y11: 0 | Z11: 0.046597033 | AA11: ='7'!AA11/'7'!$AA$27 -> 0.046597033 | AB11: 0.046597033 | AC11: 0.045454545 | AD11: 0.0357075
A12: Ceredigion | B12: 0.024934163 | C12: 0.027321802 | D12: 0.035168558 | E12: 0.039501749 | F12: 0.021911184 | G12: 0.063147281 | H12: 0.018741633 | I12: 0.017017314 | J12: 0.10984526 | K12: 0 | L12: 0.024411805 | M12: 0.032809937 | N12: 0.043876316 | O12: 0.0080482771 | P12: 0 | Q12: 0.0048761898 | R12: 0.018191822 | S12: 0.021144883 | T12: 0.020212664 | U12: 0.040701467 | V12: 0.03932213 | W12: 0.023404114 | X12: 0.030089298 | Y12: 0.13508655 | Z12: 0.024921866 | AA12: ='7'!AA12/'7'!$AA$27 -> 0.024921866 | AB12: 0.024921866 | AC12: 0.045454545 | AD12: 0.0238025
A13: Pembrokeshire | B13: 0.045834034 | C13: 0.036135287 | D13: 0.038355765 | E13: 0.040568211 | F13: 0.047101934 | G13: 0.071757241 | H13: 0.033467202 | I13: 0.039369234 | J13: 0.10457405 | K13: 0.38635664 | L13: 0.042384061 | M13: 0.052261542 | N13: 0.068231669 | O13: 0 | P13: 0.31010179 | Q13: 0.01663312 | R13: 0.037292604 | S13: 0.032659174 | T13: 0.035102991 | U13: 0.052925248 | V13: 0.026576192 | W13: 0.10960439 | X13: 0.041968125 | Y13: 0 | Z13: 0.04328247 | AA13: ='7'!AA13/'7'!$AA$27 -> 0.04328247 | AB13: 0.04328247 | AC13: 0.045454545 | AD13: 0.03333875
A14: Carmarthenshire | B14: 0.069759623 | C14: 0.076677316 | D14: 0.07106562 | E14: 0.060404402 | F14: 0.058714276 | G14: 0.1031226 | H14: 0.058902276 | I14: 0.051144306 | J14: 0.077027716 | K14: 0 | L14: 0.060941112 | M14: 0.062807593 | N14: 0.074247148 | O14: 0 | P14: 0.043620188 | Q14: 0.054297525 | R14: 0.054307032 | S14: 0.058090949 | T14: 0.058129546 | U14: 0.074752984 | V14: 0 | W14: 0.063410521 | X14: 0.062956677 | Y14: 0 | Z14: 0.065816904 | AA14: ='7'!AA14/'7'!$AA$27 -> 0.065816904 | AB14: 0.065816904 | AC14: 0.045454545 | AD14: 0.06369125
A15: Swansea | B15: 0.078136381 | C15: 0.21648122 | D15: 0.080426904 | E15: 0.095213719 | F15: 0.072024965 | G15: 0.033788488 | H15: 0.078982597 | I15: 0.072462755 | J15: 0.067165448 | K15: 0.015244841 | L15: 0.078158575 | M15: 0.069135224 | N15: 0.059575249 | O15: 0 | P15: 0 | Q15: 0.044062607 | R15: 0.085668861 | S15: 0.077774343 | T15: 0.078907279 | U15: 0.059250951 | V15: 0 | W15: 0.037527034 | X15: 0.075403022 | Y15: 0.10818223 | Z15: 0.083971479 | AA15: ='7'!AA15/'7'!$AA$27 -> 0.083971479 | AB15: 0.083971479 | AC15: 0.045454545 | AD15: 0.08337375
A16: Neath Port Talbot | B16: 0.047823164 | C16: 0.031398039 | D16: 0.065547198 | E16: 0.033444245 | F16: 0.051418914 | G16: 0.027596608 | H16: 0.048192771 | I16: 0.049022447 | J16: 0.024655671 | K16: 0.024022174 | L16: 0.045552836 | M16: 0.042184204 | N16: 0.031573928 | O16: 0 | P16: 0 | Q16: 0.10721656 | R16: 0.055939988 | S16: 0.063030089 | T16: 0.060137831 | U16: 0.037025441 | V16: 0 | W16: 0.068018205 | X16: 0.047194748 | Y16: 0.0097023596 | Z16: 0.049474132 | AA16: ='7'!AA16/'7'!$AA$27 -> 0.049474132 | AB16: 0.049474132 | AC16: 0.045454545 | AD16: 0.0381675
... A27: Wales | B27: 1 | C27: 1 | D27: 1 | E27: 1 | F27: 1 | G27: 1 | H27: 1 | I27: 1 | J27: 1 | K27: 1 | L27: 1 | M27: 1 | N27: 1 | O27: 1 | P27: 1 | Q27: 1 | R27: 1 | S27: 1 | T27: 1 | U27: 1 | V27: 1 | W27: 1 | X27: 1 | Y27: 1 | Z27: 1 | AA27: ='7'!AA27/'7'!$AA$27 -> 1 | AB27: 1 | AC27: 1 | AD27: 1

Sheet 8 
A1: Local Government Settlement 2024-25
A2: Back to contents
A3: Debt Financing Indicators
A4: Unitary Authority | B4: Notional debt at the beginning of 2020-21 | C4: 2020-21 supported borrowing | D4: Notional debt at the beginning of 2021-22 | E4: 2021-22 supported borrowing | F4: Notional debt at the beginning of 2022-23 | G4: 2022-23 supported borrowing | H4: (a) Notional debt at the beginning of 2023-24 | I4: 2023-24 supported borrowing | J4: Notional debt at the end of 2024-25 | K4: (b) Average notional debt for 2024-25 | L4: (c) Specific Grants Against Loan Charges
A5: Isle of Anglesey | B5: 72369.517 | C5: 2159 | D5: 71633.736 | E5: 2158 | F5: 70926.386 | G5: 2157 | H5: 70246.331 | I5: 2159 | J5: 70248.331 | K5: 69925.364 | L5: 0
A6: Gwynedd | B6: 131651.67 | C6: 4053 | D6: 130438.61 | E6: 4077 | F6: 129298.06 | G6: 4073 | H6: 128199.14 | I6: 4061 | J6: 128187.14 | K6: 127651.9 | L6: 0
A7: Conwy | B7: 110614.14 | C7: 3405 | D7: 109594.57 | E7: 3421 | F7: 108631.79 | G7: 3425 | H7: 107711.52 | I7: 3415 | J7: 107701.52 | K7: 107248.99 | L7: 0
A8: Denbighshire | B8: 101233.26 | C8: 2995 | D8: 100178.93 | E8: 3014 | F8: 99185.774 | G8: 3021 | H8: 98239.343 | I8: 3024 | J8: 98242.343 | K8: 97802.997 | L8: 0
A9: Flintshire | B9: 134636.99 | C9: 4073 | D9: 133324.51 | E9: 4040 | F9: 132031.53 | G9: 4022 | H9: 130772.27 | I9: 4025 | J9: 130775.27 | K9: 130168.26 | L9: 0
A10: Wrexham | B10: 111128.5 | C10: 3567 | D10: 110250.36 | E10: 3499 | F10: 109339.35 | G10: 3481 | H10: 108446.77 | I10: 3476 | J10: 108441.77 | K10: 108003.94 | L10: 0
A11: Powys | B11: 153519.04 | C11: 4548 | D11: 151926.28 | E11: 4586 | F11: 150435.23 | G11: 4595 | H11: 149012.82 | I11: 4587 | J11: 149004.82 | K11: 148318.22 | L11: 0
A12: Ceredigion | B12: 86817.108 | C12: 2856 | D12: 86200.423 | E12: 2889 | F12: 85641.406 | G12: 2896 | H12: 85111.75 | I12: 2891 | J12: 85106.75 | K12: 84848.615 | L12: -0.80436281
A13: Pembrokeshire | B13: 122063.93 | C13: 3736 | D13: 120917.37 | E13: 3753 | F13: 119833.67 | G13: 3755 | H13: 118795.33 | I13: 3747 | J13: 118787.33 | K13: 118283.08 | L13: -1.4120814
A14: Carmarthenshire | B14: 182047.25 | C14: 5909 | D14: 180674.36 | E14: 5925 | F14: 179372.38 | G14: 5942 | H14: 178139.49 | I14: 5914 | J14: 178111.49 | K14: 177506.76 | L14: -2.1350558
A15: Swansea | B15: 220868.09 | C15: 6483 | D15: 218516.37 | E15: 6372 | F15: 216147.72 | G15: 6347 | H15: 213848.81 | I15: 6355 | J15: 213856.81 | K15: 212772.17 | L15: -32.108961
A16: Neath Port Talbot | B16: 136635.08 | C16: 4489 | D16: 135658.68 | E16: 4453 | F16: 134685.33 | G16: 4433 | H16: 133730.92 | I16: 4426 | J16: 133723.92 | K16: 133256.94 | L16: -18.876339
... A27: Wales | B27: 2911084.8 | C27: 88800 | D27: 2883441.4 | E27: 88800 | F27: 2856903.7 | G27: 88800 | H27: 2831427.6 | I27: 88800 | J27: 2831427.6 | K27: 2819199 | L27: -112.47343
